 Dungeon Crawl Stone Soup version 0.30-a0-12-gd8047c6341 (webtiles) character file.

Game seed: 16398819490496007807

11031 QueenGhuleh the Basher (level 11, -16/99 HPs)
             Began as a Minotaur Berserker on Aug 22, 2022.
             Was an Elder of Trog.
             Demolished by Sonja
             ... wielding a +2 dagger of distortion
              (23 damage)
             ... on level 10 of the Dungeon on Aug 23, 2022.
             The game lasted 00:21:50 (10242 turns).

QueenGhuleh the Basher (Minotaur Berserker)        Turns: 10242, Time: 00:21:50

Health: -16/99     AC: 16    Str: 26    XL:     11   Next: 44%
Magic:  10/10      EV: 10    Int:  4    God:    Trog [****..]
Gold:   442        SH:  0    Dex: 16    Spells: 10/10 levels left

rFire   . . .      SeeInvis .    t - +4 dire flail (protect)
rCold   . . .      Faith    .    (shield currently unavailable)
rNeg    . . .      Spirit   .    A - +1 plate armour
rPois   .          Reflect  .    (helmet restricted)
rElec   .          Harm     .    (no cloak)
rCorr   .          Rampage  .    (no gloves)
Will    .....                    (no boots)
Stlth   ..........               (no amulet)
HPRegen 0.26/turn                k - +6 ring of dexterity
MPRegen 0.12/turn                (no ring)

@: on berserk cooldown, slowed, very slow
A: horns 2, retaliatory headbutt
a: Renounce Religion, Berserk, Trog's Hand, Brothers in Arms


You were on level 10 of the Dungeon.
You worshipped Trog.
Trog was greatly pleased with you.
You visited 1 branch of the dungeon, and saw 10 of its levels.

You collected 442 gold pieces.

Inventory:

Hand Weapons
 n - a -1 halberd
 t - a +4 dire flail of protection (weapon)
Armour
 A - a +1 plate armour (worn)
Jewellery
 b - a ring of protection from fire
 k - a +6 ring of dexterity (left hand)
 u - a ring of see invisible
Wands
 l - a wand of quicksilver (1)
Scrolls
 g - 6 scrolls of teleportation
 h - 2 scrolls of fear
 o - 2 scrolls of magic mapping
 q - 2 scrolls of blinking {unknown}
 r - 3 scrolls of poison {unknown}
 x - 3 scrolls of identify
 y - 3 scrolls of noise {unknown}
 z - a scroll of immolation
Potions
 a - a potion of resistance {unknown}
 c - 3 potions of might
 d - 2 potions of ambrosia
 f - a potion of mutation
 j - a potion of flight
 m - a potion of brilliance
 p - 5 potions of degeneration
 s - a potion of attraction
 v - 3 potions of lignification
 w - 2 potions of cancellation


   Skills:
 + Level 9.8 Fighting
 + Level 9.8(12.3) Axes
 + Level 12.1(13.4) Maces & Flails
 + Level 11.7 Armour
 + Level 4.8 Dodging
 + Level 2.1 Stealth
 + Level 0.2 Evocations


You had 10 spell levels left.
You didn't know any spells.
Your spell library was empty.

Dungeon Overview and Level Annotations

Branches:
Dungeon (10/15)            Temple (0/1) D:7            Lair (0/5) D:8
    Orc: D:9-12

Altars:
Ashenzari
Cheibriados
Elyvilon
Okawaru
Qazlal
Trog
Wu Jian
Xom
Yredelemnul
Zin

Shops:
D:1 *   D:6 (

Annotations:
D:10 Sonja


Innate Abilities, Weirdness & Mutations

You have a pair of horns on your head.
You reflexively headbutt those who attack you in melee.


Message History

The orc wizard points at you and mumbles some strange words.
The magic dart hits you but does no damage.
The orc barely misses you. You furiously retaliate!
You headbutt the orc.
You feel sick.
You are no longer poisoned.
Sonja casts a spell.
Sonja blinks!
An orc comes into view. It is wielding a +0 short sword.
Things that are here:
a +0 giant spiked club; a +0 giant spiked club; a two-headed ogre corpse You closely miss the orc wizard.
The orc wizard closely misses you. You furiously retaliate!
You headbutt the orc wizard, but do no damage.
The orc barely misses you.
You completely miss the orc wizard.
The orc wizard hits you but does no damage.
The orc closely misses you.
Sonja casts a spell.
Sonja blinks!
You sock the orc wizard!
Your weapon exudes an aura of protection.
You kill the orc wizard!
Trog accepts your kill.
Trog appreciates your killing of a magic user.
You barely miss the orc. You headbutt the orc.
You kill the orc!
Trog accepts your kill. Sonja closely misses you.
Sonja hits you but does no damage. Space warps around you.
* * * LOW HITPOINT WARNING * * *
Sonja hits you but does no damage.
You blink.
Okay, then.
Your ogre goes berserk!
Sonja closely misses you. Sonja hits you but does no damage.
You blink.
You barely miss Sonja.
Sonja is heavily wounded.
The orc barely misses you.
Your ogre barely misses Sonja.
Sonja barely misses you. Sonja hits you but does no damage.
Space warps horribly around you!!
You die...

#. #.#######.## #...... #. #.#
#..# ##...## #.###§## ##.# #...#
# #.....)#######.### #...##
..8##......#.........#####...##
....##.......#.##.###...........
...._#.....)###.#.# #...........
....##.....).#.##.###...........
...8##......#.o@K§....#####...##
#_## #...<..#....O...###......##
# ######.#####.#### #.##...# .#.
#.# #.##...# # #.
#.######.##...# #.
#.#......##...#
#...#...........#
####...:..##.### #..........#


You could see Sonja (ally target), an orc and a friendly ogre (summoned,
berserk).

Vanquished Creatures
  A fire dragon (D:8)
  Erolcha (D:9)
  2 two-headed ogres (D:10)
  Maggie (D:9)
  Prince Ribbit (D:9)
  A slime creature (D:8)
  16 yaks
  3 wyverns
  Grum (D:9)
  A steam dragon (D:8)
  3 water moccasins
  An acid dragon (D:8)
  A sky beast (D:7)
  3 orc warriors
  A black bear (D:6)
  6 ice beasts
  An ogre (D:5)
  3 wolves (D:9)
  4 centaurs
  A phantom (D:6)
  7 kobold brigands
  6 bullfrogs
  A necrophage (D:6)
  A gnoll sergeant (D:9)
  A scorpion (D:7)
  2 wights (D:8)
  8 killer bees
  8 howler monkeys
  4 hounds
  6 jellies
  5 orc priests
  A gnoll bouda (D:5)
  Jessica (D:2)
  An iguana (D:5)
  9 orc wizards
  11 gnolls
  6 adders
  2 ufetubi
  A worm (D:3)
  4 dart slugs
  24 orcs
  6 endoplasms
  2 giant cockroaches
  7 goblins
  4 hobgoblins (D:4)
  4 jackals (D:1)
  52 kobolds
  2 quokkas (D:4)
  2 ball pythons
  3 bats
  2 frilled lizards
  3 rats
248 creatures vanquished.

Vanquished Creatures (others)
  22 plants (D:6)
22 creatures vanquished.

Grand Total: 270 creatures vanquished

Notes
Turn   | Place    | Note
-------+----------+-------------------------------------------
     0 | D:1      | QueenGhuleh the Minotaur Berserker began the quest for the
                  | Orb.
     0 | D:1      | Reached XP level 1. HP: 19/19 MP: 0/0
   114 | D:1      | Reached XP level 2. HP: 21/27 MP: 1/1
   411 | D:1      | Found a faded altar of an unknown god.
   759 | D:1      | Found Saural's Assorted Antiques.
   843 | D:2      | Noticed Jessica
   854 | D:2      | Killed Jessica
   855 | D:2      | Reached XP level 3. HP: 6/34 MP: 2/2
  1193 | D:2      | You fall into a shaft and drop 1 floor!
  1198 | D:3      | Reached ** piety under Trog
  1365 | D:3      | Reached XP level 4. HP: 37/41 MP: 3/3
  1525 | D:3      | Found a bloodstained altar of Trog.
  1525 | D:3      | Found an ornate altar of the Wu Jian Council.
  1624 | D:3      | Reached skill level 5 in Fighting
  1643 | D:3      | Reached XP level 5. HP: 15/48 MP: 4/4
  1646 | D:3      | Reached skill level 5 in Axes
  2077 | D:4      | Found a basalt altar of Yredelemnul.
  2856 | D:4      | Reached XP level 6. HP: 51/56 MP: 5/5
  3185 | D:5      | Entered Level 5 of the Dungeon
  3700 | D:5      | Reached XP level 7. HP: 48/62 MP: 6/6
  3979 | D:5      | Reached skill level 5 in Armour
  4860 | D:6      | Reached XP level 8. HP: 71/71 MP: 7/7
  5060 | D:6      | Reached skill level 1 in Stealth
  5234 | D:6      | Reached *** piety under Trog
  5258 | D:6      | Reached skill level 1 in Maces & Flails
  5581 | D:6      | Reached skill level 2 in Maces & Flails
  5743 | D:6      | Found Lyushik's Antique Weapon Emporium.
  6015 | D:6      | Reached skill level 3 in Maces & Flails
  6015 | D:6      | Reached XP level 9. HP: 79/79 MP: 8/8
  6023 | D:6      | Reached skill level 4 in Maces & Flails
  6036 | D:6      | HP: 2/80 [yak (5)]
  6681 | D:7      | Upgraded the game from 0.30-a0-6-g7c9e10e132 to
                  | 0.30-a0-12-gd8047c6341
  6709 | D:7      | Found a shimmering altar of Xom.
  6721 | D:7      | Reached skill level 5 in Maces & Flails
  7016 | D:7      | Reached skill level 6 in Maces & Flails
  7083 | D:7      | Found a stormy altar of Qazlal.
  7119 | D:7      | Found a staircase to the Ecumenical Temple.
  7183 | D:7      | Reached **** piety under Trog
  7191 | D:7      | Found an iron altar of Okawaru.
  7481 | D:7      | Found a white marble altar of Elyvilon.
  7626 | D:8      | Found a staircase to the Lair.
  7626 | D:8      | Noticed a fire dragon
  7641 | D:8      | Killed a fire dragon
  7642 | D:8      | Reached skill level 7 in Maces & Flails
  7642 | D:8      | Reached skill level 10 in Armour
  7642 | D:8      | Reached XP level 10. HP: 28/88 MP: 9/9
  7909 | D:8      | Found a snail-covered altar of Cheibriados.
  7970 | D:8      | Found a flagged portal.
  8048 | D:8      | Reached skill level 8 in Maces & Flails
  8671 | D:9      | Noticed Maggie
  8678 | D:9      | Killed Maggie
  8682 | D:9      | Reached skill level 9 in Maces & Flails
  8889 | D:9      | Noticed Prince Ribbit
  8896 | D:9      | Killed Prince Ribbit
  9176 | D:9      | Reached skill level 10 in Maces & Flails
  9260 | D:9      | Noticed Erolcha
  9266 | D:9      | Killed Erolcha
  9267 | D:9      | Reached XP level 11. HP: 50/97 MP: 10/10
  9531 | D:9      | Noticed Grum
  9548 | D:9      | Killed Grum
  9630 | D:10     | Entered Level 10 of the Dungeon
  9683 | D:10     | Noticed a two-headed ogre
  9689 | D:10     | Killed a two-headed ogre
  9789 | D:10     | Reached skill level 11 in Maces & Flails
 10136 | D:10     | Noticed Sonja
 10150 | D:10     | Noticed a white ugly thing
 10189 | D:10     | Noticed a two-headed ogre
 10199 | D:10     | Killed a two-headed ogre
 10200 | D:10     | Reached skill level 12 in Maces & Flails
 10217 | D:10     | Found a broken altar of Ashenzari.
 10230 | D:10     | Found a glowing silver altar of Zin.
 10242 | D:10     | Demolished by Sonja

Illustrated notes

Levels and vault maps discovered:
D:1:      minmay_arrival_four_loops, layout_loops_cross, serial_shops,
          nicolae_shop_hallway_stairs, hellmonk_ecumenical_altar_dog_temple
D:2:      cheibrodos_helix_gallery, layout_rooms, minmay_pentomino_s2,
          uniq_jessica, uniq_robin
D:3:      layout_basic, grunt_temple_overflow_open
D:4:      layout_loops_corners, mainiacjoe_overflow_surrounded_room
D:5:      layout_gridville
D:6:      kennysheep_kobold_camp, layout_layer_cave, serial_shops, shop,
          grunt_ministairs_6
D:7:      layout_rooms, xom_confusion_cloud, grunt_qazlal_clouds,
          okawaru_gym_becter, elyvilon_altar_3, minmay_temple_entry_glass
D:8:      layout_loops_ring, lemuel_tele_altar, minmay_lair_entry_lava,
          enter_bailey_2, grunt_ministairs_14, minmay_chambers_of_fives
D:9:      layout_roguey, uniq_grum, uniq_erolcha, uniq_maggie,
          uniq_prince_ribbit1
D:10:     layout_loops_cross, nicolae_overflow_hidden_temple, david_orc_4,
          minmay_checkerbox, uniq_sonja

Skill      XL: |  1  2  3  4  5  6  7  8  9 10 11 |
---------------+----------------------------------+-----
Axes           | 4 5 6 8 9 |  9.8
Fighting       | 4 5 6 7 8 9 |  9.8
Armour         | 3 4 5 7 10 11 | 11.7
Dodging        | 3 4 |  4.8
Stealth        | 1 2 |  2.1
Maces & Flails | 3 7 10 12 | 12.1
Evocations     | |  0.2

Action                   |  1- 3 |  4- 6 |  7- 9 | 10-12 || total
-------------------------+-------+-------+-------+-------++-------
Melee: Hand axe          |    61 |   129 |    71 |       ||   261
       Headbutt          |    15 |    25 |    47 |    44 ||   131
       Punch             |       |     3 |     1 |     1 ||     5
       Flail             |       |       |   171 |    83 ||   254
       Dire flail        |       |       |       |   170 ||   170
Invok: Berserk           |       |     3 |     7 |     7 ||    17
       Brothers in Arms  |       |       |       |     1 ||     1
Evoke: Wand              |       |       |     2 |     1 ||     3
  Use: Scroll            |       |       |       |    19 ||    19
       Potion            |       |       |       |    19 ||    19
Armor: Animal skin       |     3 |       |       |       ||     3
       Ring mail         |    12 |    43 |     1 |       ||    56
       Chain mail        |       |       |   128 |    85 ||   213
       Skin              |       |       |       |    22 ||    22
       Plate armour      |       |       |       |    68 ||    68
Dodge: Dodged            |    46 |    73 |   122 |   154 ||   395

Table legend: (Time is in decaauts)
 A = Elapsed time spent in this place.
 B = Non-inter-level travel time spent in this place.
 C = Inter-level travel time spent in this place.
 D = Time resting spent in this place.
 E = Time spent auto-exploring this place.
 F = Levels seen in this place.
 G = Mean time per level.
                   A        B        C        D        E       F      G
               +--------+--------+--------+--------+--------+-----+--------+
         Total |  10345 |  10207 |    138 |      0 |   8781 |  10 | 1034.5 |
       Dungeon |  10345 |  10207 |    138 |      0 |   8781 |  10 | 1034.5 |
               +--------+--------+--------+--------+--------+-----+--------+

Top non-repeatable levels by time:
     D:6: 1866 daAuts
     D:5: 1687 daAuts
     D:4: 1232 daAuts
     D:8: 1069 daAuts
     D:9: 961 daAuts
     D:7: 946 daAuts
     D:1: 847 daAuts
     D:3: 767 daAuts
    D:10: 616 daAuts
     D:2: 350 daAuts
